[Event "57th Biel Festival MTO 2024"]
[White "Sukandar,Irine Kharisma"]
[Black "Koustav Chatterjee"]
[Site "Biel"]
[Round "3.7"]
[Annotator "TA"]
[Result "0-1"]
[Date "2024.07.17"]
[WhiteElo "2338"]
[BlackElo "2525"]
[PlyCount "108"]
[TimeControl "60"]

1. e4 e5 2. Nf3 Nc6 3. Bc4 Nf6 4. d3 Bc5 5. O-O d6 6. a4 a5 7. Be3 Bxe3 8. fxe3 O-O 9. Nbd2 Ne7 10. Nh4 c6 11. Qe1 d5 12. Bb3 Be6 13. Qg3 Nd7 14. Rf2 f6 15. Raf1 Kh8 16. d4 Qb8 17. exd5 cxd5 18. Ne4 Ra6 19. Nc3 g5 20. Nf5 Bxf5 21. Rxf5 Nxf5 22. Rxf5 exd4 23. exd4 Qxg3 24. hxg3 Nb6 25. Nxd5 Nxd5 26. Bxd5 Rd6 27. c3 b6 28. Bc4 Kg7 29. Kf2 h5 30. Be2 Kh6 31. Ke3 Re8+ 32. Kd2 Re7 33. Rf1 g4 34. Bd3 Rde6 35. Rf5 Re3 (35... Rd7 $15 )36. Rxf6+ $11 Kg7 37. Rg6+ (37. Rxb6 Rxg3 38. Bf1 Rf7 $17 )Kf7 38. Rxb6 (38. Rh6 $11 )Rxg3 $17 39. Bc4+ Kg7 40. Bd5 h4 41. Rb8 Rd7 42. Be4 $2 {[%emt 0:2:43][%mdl 8192] [#]} (42. c4 $1 $15 )Rf7 $1 $19 43. d5 $2 (43. Rb7 h3 44. gxh3 gxh3 45. b4 axb4 46. cxb4 )Re7 $19 44. d6 Rxe4 45. d7 Rxg2+ (45... Rxa4 46. d8=Q (46. d8=N $2 Rxg2+ 47. Ke3 Rg3+ 48. Kd2 h3 $19 )Rxg2+ 47. Kd3 Rg3+ 48. Kc2 Rg2+ 49. Kb3 )46. Kd1 Rg1+ (46... Rf4 47. Rg8+ Kh7 (47... Kxg8 $2 48. d8=Q+ Kh7 49. Qc7+ Kg6 50. Qc6+ Kg5 51. Qd5+ Rf5 52. Qxg2 $18 )(47... Kf7 $2 48. Rf8+ Kxf8 49. d8=Q+ Kf7 50. Qd5+ Kg6 51. Qxg2 $18 )48. Rh8+ Kg6 (48... Kg7 49. Rg8+ Kh7 50. Rh8+ Kg6 51. Rg8+ Kh7 $11 )49. Rg8+ Kh7 (49... Kf7 50. Rf8+ Kxf8 51. d8=Q+ Kf7 52. Qc7+ Kg6 53. Qxf4 $18 )50. Rh8+ Kg6 (50... Kg7 51. Rg8+ Kh7 $11 )51. Rg8+ Kh7 $11 (51... Kf7 $2 52. Rf8+ Kxf8 53. d8=Q+ Kf7 54. Qd5+ Kg6 55. Qxg2 $18 ))(46... Rxa4 $142 47. Rg8+ Kh6 (47... Kxg8 $2 48. d8=Q+ Kg7 49. Qd7+ Kf6 50. Qc6+ Kg5 51. Qxg2 $18 )(47... Kf7 48. Rf8+ Kg6 49. Rg8+ Kf5 50. Rf8+ Ke4 51. Rf2 Rxf2 52. Ke1 Kf3 53. d8=R Re2+ 54. Kf1 Ra1+ 55. Rd1 Rxd1# )48. Rh8+ Kg6 (48... Kg7 49. Rg8+ Kf7 50. Rf8+ Kg6 51. Rg8+ Kf5 52. Rf8+ Ke4 53. Rf2 Rxf2 54. Ke1 Kf3 55. d8=R Re2+ 56. Kf1 Ra1+ 57. Rd1 Rxd1# )49. Rg8+ Kf7 50. Rf8+ Kg6 (50... Kxf8 $2 51. d8=Q+ Kg7 52. Qd7+ Kh6 53. Qc6+ Kg5 54. Qxg2 $18 )(50... Ke6 51. Re8+ Kxd7 52. Re2 h3 53. Rd2+ Rxd2+ 54. Kxd2 h2 55. Ke3 h1=Q 56. c4 Rxc4 57. b3 Qe1+ 58. Kd3 Qe4+ 59. Kd2 Rc2+ 60. Kd1 Qe2# )51. Rg8+ Kf5 (51... Kf7 52. Rf8+ Kg6 53. Rg8+ )52. Rf8+ Ke4 (52... Ke6 53. Re8+ Kxd7 54. Re2 h3 55. Ke1 h2 56. Rd2+ Rxd2 57. Kxd2 h1=Q 58. c4 Rxc4 59. b3 Rd4+ 60. Ke3 Qg1+ 61. Ke2 g3 62. Kf3 Qf2# )53. Rf2 Rxf2 54. Ke1 Kf3 (54... Rxb2 55. d8=Q Ra1+ 56. Qd1 Rxd1+ 57. Kxd1 h3 58. Kc1 Rg2 59. Kb1 h2 60. c4 h1=Q# )55. d8=R Re2+ (55... Rxb2 56. Rd1 h3 57. Rd3+ Kf4 58. Rd2 Ke3 59. Rd8 Re2+ 60. Kf1 Ra1+ 61. Rd1 Rxd1# )56. Kf1 Ra1+ 57. Rd1 Rxd1# )47. Kd2 $19 {[%emt 0:1:33] [#]} Ree1 $1 (47... Rxa4 48. d8=Q (48. d8=R $2 h3 $19 )Rg2+ 49. Kd3 Rg3+ 50. Kc2 Rg2+ 51. Kb3 )48. Rg8+ Kf7 (48... Kxg8 49. d8=Q+ Kf7 50. Qxh4 $11 )49. Rf8+ Ke6 ({Not} 49... Kxf8 50. d8=Q+ Kf7 51. Qxh4 $11 )50. Re8+ Kxd7 51. Rxe1 Rg2+ 52. Ke3 h3 53. Kf4 h2 ({Less strong is} 53... Rxb2 54. Kxg4 h2 55. Rh1 $15 )54. Rh1 g3 ({Inferior is} 54... Rxb2 55. Kxg4 Rg2+ 56. Kh3 $11 )0-1

[Event "57th Biel Festival MTO 2024"]
[White "Song,Ethan"]
[Black "Mendonca,Leon Luke"]
[Site "Biel"]
[Round "3.8"]
[Annotator "TA"]
[Result "0-1"]
[Date "2024.07.17"]
[WhiteElo "2244"]
[BlackElo "2634"]
[PlyCount "88"]
[TimeControl "60"]

1. e4 c5 2. Nf3 d6 3. Bb5+ Bd7 4. Bxd7+ Nxd7 5. O-O Ngf6 6. Qe2 e6 7. c3 Be7 8. d4 O-O 9. Rd1 cxd4 10. cxd4 b5 11. e5 dxe5 {[%emt 0:0:56] The position is equal.} 12. dxe5 Nd5 13. Nc3 Nxc3 14. bxc3 Qc7 15. Qxb5 Nb6 16. Be3 Nd5 17. Bd4 Rfc8 18. Rac1 a6 19. Qa4 Qc4 (19... Qc6 $5 20. Qxc6 Rxc6 $11 )20. Qxc4 Rxc4 21. Nd2 Ra4 22. g3 Rxa2 23. Ne4 a5 24. c4 Nb4 25. Bc3 Re2 26. Bxb4 (26. Re1 $1 $15 Rxe1+ 27. Rxe1 )axb4 $17 27. Nd6 (27. Re1 $17 Raa2 28. Kg2 )Rxe5 (27... b3 $19 {[%cal Ob3b2] has better winning chances.} 28. Rb1 b2 (28... Rxe5 29. Rxb3 Rc5 30. Kg2 $19 ))28. c5 Kf8 (28... b3 {keeps more tension.} 29. c6 b2 30. Rb1 Rd5 )29. Nb7 Rb8 $36 {[%emt 0:2:10][%mdl 2048] Keeping White busy.} 30. Rd7 Ke8 31. Rc7 Rd5 32. c6 {[%emt 0:2:0] Prevents Rd7.} (32. Rb1 $17 )Ra8 $1 $19 33. Kg2 g5 (33... f6 $19 {and Black stays clearly on top. Strongly threatening ...e5.} 34. Rc2 b3 )34. Ra1 $17 {[%emt 0:2:2] [#]} Rb8 ({Don't do} 34... Rxa1 35. Rc8+ Rd8 (35... Bd8 36. c7 $16 )36. Nxd8 $15 )35. Ra7 $2 (35. Ra6 $17 )b3 $19 36. Na5 {[%emt 0:0:21] [#]} Bd6 37. Rcb7 Rxb7 38. Nxb7 {[%emt 0:0:37][%mdl 4096] Endgame. KRB-KRN} (38. cxb7 Rb5 39. Nc4 )Be5 {[%emt 0:0:42] Hoping for ...b2. Black is clearly winning.} 39. Ra3 Rb5 {[%emt 0:0:23] ...b2 is the strong threat.} 40. f4 gxf4 41. gxf4 b2 42. fxe5 b1=Q (42... b1=B $2 {loses.} 43. Nd6+ Kf8 44. Nxb5 $18 (44. Ra8+ Kg7 $18 ))43. Nd6+ Kd8 {[%emt 0:0:58] ( -> ...Rb2+)} 44. Ra8+ Rb8 {[%emt 0:0:8] Weighted Error Value: White=0.88/Black=0.16 (very precise) .  Loses game:     	White=2     	---        Mistake:       	White=3     	Black=2      Inaccurate:     	White=2     	---        OK:         	White=9     	Black=13     Best:        	White=3     	Black=3      Strong:       	---       	Black=1} 0-1

[Event "57th Biel Festival MTO 2024"]
[White "Aryan Chopra"]
[Black "Boldoo,Erdenepurev"]
[Site "Biel"]
[Round "3.9"]
[Annotator "TA"]
[Result "1-0"]
[Date "2024.07.17"]
[WhiteElo "2631"]
[BlackElo "2385"]
[PlyCount "99"]
[TimeControl "60"]

1. e4 c5 2. Nf3 e6 3. d4 cxd4 4. Nxd4 Nc6 5. Nc3 Qc7 6. Be3 a6 7. Qf3 b5 8. Qg3 Qxg3 9. hxg3 {[%emt 0:0:6] White is slightly better.} Bb7 10. Nb3 Nf6 11. f3 d5 12. a4 bxa4 13. Rxa4 dxe4 14. Nxe4 Nxe4 15. fxe4 Bd6 16. Nc5 Bxg3+ 17. Ke2 {[%emt 0:8:21] White is much more active.} Bc8 18. Kf3 Bd6 19. Bb5 ({Don't play} 19. Nxa6 Ne5+ 20. Kf2 Ke7 $17 )Bd7 20. Nxd7 Kxd7 21. Rha1 Rhb8 ({Don't go for} 21... axb5 $2 22. Rxa8 Rxa8 23. Rxa8 $18 )22. Bxc6+ Kxc6 23. Rxa6+ Rxa6 24. Rxa6+ $14 {[%emt 0:0:5][%mdl 4096] Endgame. KRB-KRB} Kc7 25. b3 h5 26. Ra5 e5 27. Ke2 {[%emt 0:1:32] Strongly threatening Ra7+.} Kd7 28. Kd3 g6 29. Ra7+ Ke6 30. Ra6 $1 Kd7 31. Bb6 $1 Rc8 32. c4 Rc6 (32... f5 $16 )33. Ra7+ $18 Ke6 34. Be3 f5 35. Kc3 $1 f4 {[%emt 0:4:27] [#]} 36. Bf2 (36. Bg1 $1 $18 )Bc5 $2 {[%emt 0:0:5][%mdl 8192] This costs Black the game.} ({Black should play} 36... g5 $1 $14 )37. Bxc5 Rxc5 {[%emt 0:0:1] KR-KR} 38. b4 Rc8 39. b5 g5 40. Rh7 {[%emt 0:0:10][%cal Ob5b6] Inhibits Rh8. aiming for b6!} h4 (40... g4 $142 41. Rxh5 (41. Rh6+ Kd7 $18 )g3 )41. b6 Kd6 {[%emt 0:5:35] [#]} 42. Kb4 $1 {[%emt 0:1:51] White mates.} Kc6 43. c5 g4 44. Rxh4 Rd8 45. Rh6+ Kb7 46. Kb5 Rf8 47. c6+ Kb8 48. Ka6 f3 49. c7+ Kc8 50. Rh7 {[%emt 0:0:7] Weighted Error Value: White=0.07 (flawless) /Black=0.40.  Loses game:     	---       	Black=1      Mistake:       	White=1     	Black=2      Inaccurate:     	White=2     	Black=4      OK:         	White=12    	Black=12     Best:        	White=5     	Black=1      Strong:       	White=3     	---} 1-0

[Event "57th Biel Festival MTO 2024"]
[White "Nesterov,Arseniy"]
[Black "Vantika Agrawal"]
[Site "Biel"]
[Round "3.10"]
[Annotator "TA"]
[Result "1-0"]
[Date "2024.07.17"]
[WhiteElo "2609"]
[BlackElo "2390"]
[PlyCount "143"]
[TimeControl "60"]

1. d4 Nf6 2. c4 e6 3. Nf3 d5 4. Nc3 Bb4 5. Bg5 h6 6. Bxf6 Qxf6 7. e3 O-O 8. Rc1 Nc6 9. cxd5 exd5 10. Qb3 Rd8 11. Be2 Ba5 12. O-O Ne7 13. Qa3 Bxc3 14. Rxc3 c6 15. b4 Bg4 16. Qb2 a6 17. a4 Bxf3 18. Bxf3 Qd6 19. Ra1 g6 20. g3 h5 21. h4 Re8 22. b5 axb5 23. axb5 Rxa1+ 24. Qxa1 Qb4 25. Be2 Kg7 26. Bf1 Rc8 27. Rc2 Qb3 28. Rc1 cxb5 29. Rb1 Qa4 30. Bxb5 Qxa1 31. Rxa1 Kf6 32. Rb1 $1 Rc7 33. Ba4 Nc8 34. Rb5 $1 Ne7 35. Bb3 Rd7 36. Rb6+ Nc6 37. Kf1 Ke6 38. Ke2 Kd6 39. Rb5 Ne7 40. e4 dxe4 41. Bxf7 Kc7 42. Rc5+ (42. Ke3 Nf5+ 43. Rxf5 gxf5 44. Bxh5 b5 $11 )Kb6 43. Rg5 Rd6 44. Ke3 Rf6 {[%emt 0:2:43] [#]} 45. Bc4 (45. Be8 Nf5+ 46. Kd2 (46. Kxe4 $2 Nd6+ 47. Ke3 Nxe8 $19 )Ne7 $16 (46... Nxd4 $2 47. Rxg6 Rxg6 48. Bxg6 $18 ))(45. Ba2 $1 $16 )Rf3+ ({Günstiger ist} 45... Kc6 $14 )46. Kxe4 $18 Rxf2 {[%emt 0:0:9] [#]} 47. Re5 $1 Nf5 48. Re6+ Kc7 49. Rxg6 Nd6+ 50. Ke3 Rg2 51. Bd5 Rg1 52. Rg7+ Kd8 53. Kf4 ({Lieber nicht} 53. Bxb7 Nxb7 54. Rxb7 Rxg3+ 55. Ke4 Rg4+ 56. Ke5 Rxh4 $11 )b5 54. Rg5 Rf1+ 55. Ke5 Nc4+ 56. Ke6 Rg1 57. Bxc4 (57. Rxh5 Rxg3 58. Rh8+ Kc7 $16 )bxc4 58. Rd5+ (58. Rxh5 Rxg3 59. Rd5+ Ke8 $16 )Kc7 59. Rxh5 Rxg3 (59... Re1+ $142 60. Kf7 (60. Re5 $2 Rxe5+ 61. dxe5 c3 $19 )Kd6 )60. Rc5+ $18 Kd8 61. Rxc4 Rg4 62. h5 Rh4 63. Rc5 Rxd4 64. Rg5 Re4+ 65. Kf7 Re7+ 66. Kf6 Re1 67. h6 Rf1+ 68. Kg7 Ke7 69. h7 Rf7+ 70. Kh6 Rf6+ 71. Rg6 Rf8 72. Rg8 1-0

[Event "57th Biel Festival MTO 2024"]
[White "Xiao,Tong"]
[Black "Munguntuul,Batkhuyag"]
[Site "Biel"]
[Round "3.11"]
[Annotator "TA"]
[Result "1-0"]
[Date "2024.07.17"]
[WhiteElo "2518"]
[BlackElo "2376"]
[PlyCount "81"]
[TimeControl "60"]

1. e4 c6 2. d4 d5 3. e5 c5 4. Nf3 cxd4 5. Nxd4 Nc6 6. Nxc6 bxc6 7. Bd3 {[%emt 0:0:4] Schwarz hat schwache schwarze Felder} Qc7 8. Qe2 {[%emt 0:0:14] Die Stellung ist ausgeglichen.} e6 9. O-O Bc5 10. Nd2 Ne7 11. Nf3 Bb7 12. h4 Qb6 (12... a5 $11 {hält das Gleichgewicht.} )13. c3 $16 {[%emt 0:17:31][%cal Bc2c3,Bc3b4][%mdl 32] b4 wäre nun fies.} a5 {[%emt 0:2:8] [#]} (13... Qc7 $16 {kämpft weiter.} )14. b4 $1 $18 axb4 15. cxb4 Bd4 16. Rb1 Bc3 {[%emt 0:4:58][%cal Ob7a6] [#]} 17. Rd1 (17. a4 $1 $18 )h6 {[%emt 0:5:35] [#]} (17... Ba6 $16 )18. a3 (18. a4 $1 $18 )d4 $1 $14 19. Nd2 Bxd2 20. Rxd2 Nd5 (20... O-O $1 $14 )21. Qg4 $16 g6 22. Bb2 $36 {[%emt 0:1:4][%cal Od3g6][%mdl 2048] Und jetzt Bxg6! wäre schön. Läuft bei Weiss.} h5 23. Qg5 Rd8 (23... Ba6 $16 )24. Rc1 Rd7 25. Be4 Ne7 26. Rcd1 ({Günstiger ist} 26. Bxd4 $18 Rxd4 27. Qe3 )c5 27. bxc5 {[%emt 0:0:8] Weiß steht aktiver.} Qa5 (27... Qb3 $16 )28. Bxb7 $18 (28. Rxd4 Rxd4 29. Rxd4 Qe1+ 30. Kh2 Bxe4 $19 )Rxb7 29. Bxd4 O-O 30. Rd3 (30. Be3 $18 )Rfb8 $2 {[%emt 0:5:32][%mdl 8192] Danach kann Schwarz die Partie nicht mehr halten.} (30... Rd7 $16 31. Be3 Rxd3 32. Rxd3 Qc7 )31. Be3 Nd5 {[%emt 0:0:32] Lässt Qf6 nicht zu} (31... Qc7 {ist eine bessere Verteidigung.} 32. Rd6 Rb1 33. Rxb1 Rxb1+ 34. Kh2 Rb8 )32. Rxd5 exd5 33. e6 Qa6 $2 (33... Qd8 {war nötig.} )34. exf7+ ({Nicht} 34. Qxd5 Qxe6 35. Qxe6 fxe6 $14 )Rxf7 35. Rxd5 {[%emt 0:0:53] Zielt auf Rd6 ab.} (35. Qxd5 Re8 36. c6 Qa4 )Qf6 36. Qg3 Re8 37. Rxh5 (37. Bd4 $142 Qf4 38. Qxg6+ Kf8 39. Bg7+ (39. Qxh5 $2 Re1# )Rxg7 40. Rf5+ (40. Qxh5 $2 Re1# )Qxf5 41. Qxf5+ Rf7 42. Qxh5 )Rg7 38. Rh6 {[%emt 0:3:54] Weiß steht klar auf Gewinn.} Kf7 39. Qg4 Rd8 (39... Qf5 $142 40. Qd1 Kg8 )40. Kh2 Qe5+ 41. g3 {[%emt 0:50:26] Gewichteter Fehlerwert: Weiß=0.44/Schwarz=0.58.  Verlustzug:     	---       	Schwarz=1     Fehler:       	Weiß=5     	Schwarz=9     Ungenau:       	Weiß=2     	Schwarz=2     OK:         	Weiß=14    	Schwarz=8     Bester:       	Weiß=1     	Schwarz=3     Stark:        	---       	Schwarz=1     Brilliant:      	Weiß=1     	---} 1-0

[Event "57th Biel Festival MTO 2024"]
[White "Thavandiran,Shiyam"]
[Black "Valsecchi,Alessio"]
[Site "Biel"]
[Round "3.12"]
[Annotator "TA"]
[Result "1-0"]
[Date "2024.07.17"]
[WhiteElo "2387"]
[BlackElo "2483"]
[PlyCount "101"]
[TimeControl "60"]

1. e4 c5 2. Nf3 e6 3. d4 cxd4 4. Nxd4 Nc6 5. Nb5 d6 6. c4 Nf6 7. N5c3 Be7 8. Be2 O-O 9. O-O b6 10. Bf4 Bb7 11. Re1 Ne5 12. Nd2 Rc8 13. Rc1 Nfd7 {[%emt 0:9:22] The position is equal.} 14. a3 a6 15. Be3 g5 16. Rf1 Kh8 {[%emt 0:1:24] [#]} 17. h4 gxh4 18. f4 Ng6 (18... Nc6 $1 $15 )19. Nf3 (19. Bg4 $11 )Rg8 $17 20. Kh1 Rg7 21. Nd4 Nf6 22. Bd3 (22. Qd3 $1 $15 )Nf8 23. f5 Ng4 24. Bg1 e5 $2 {[%emt 0:3:46] [#]} (24... Bf6 $19 25. Bb1 Rxc4 )25. f6 $1 $14 Bxf6 (25... Nxf6 26. Nf5 )26. Nf5 Rg6 27. Be2 {[%emt 0:2:25][%csl LRd6,LRg4][%cal Bd3e2,Be2g4,Bg4h3][%mdl 32] White has more active pieces.} Bg5 {[%emt 0:0:7] ...h3 would now be deadly.} 28. Bxg4 {[%emt 0:0:11] Hoping for Be3.} Bxc1 29. Qxc1 h3 $2 (29... Rxg4 $16 30. Nh6 Qd7 )30. Bxh3 $18 Rxc4 31. Qe3 Ne6 32. Nh6 {[%emt 0:2:27] A dynamic duo of knights.} (32. Qxb6 Qxb6 33. Bxb6 Nf4 $16 )Qh4 $2 (32... Qe7 33. Rxf7 (33. Nxf7+ Kg7 $18 )Qg5 34. Qxg5 (34. Rxb7 Qxh6 35. Rxb6 Ng5 $18 )(34. Qxb6 Rxh6 35. Rxb7 Rc8 $18 )Nxg5 35. Rxb7 Rxh6 )33. Nxf7+ Kg8 34. Bf2 (34. Qxb6 $2 Rxc3 35. Be3 Bxe4 36. Nh6+ Qxh6 (36... Rxh6 $2 37. Kg1 $19 )37. Qb8+ Nf8 38. Qxf8+ Qxf8 $19 )Qh5 (34... Qe7 35. Nh6+ Kh8 )35. g4 (35. Qxb6 $2 Rxc3 (35... Rxg2 36. Bh4 $16 )36. Be3 Bxe4 37. Qb8+ Nf8 38. Nh6+ Qxh6 (38... Rxh6 39. Qxf8# )39. Rxf8+ Qxf8 $19 )Rxg4 36. Nh6+ (36. Nxd6 $2 {perishes.} Ng5 $19 )Kh8 {[%emt 0:0:23][%cal Oc4c3] ( -> ...Rxc3!)} 37. Nxg4 Nf4 38. Kh2 (38. Qxb6 $2 {leads to mate.} Qxh3+ 39. Nh2 Qg2# )Bc8 39. Rg1 Qxh3+ 40. Qxh3 Nxh3 41. Kxh3 h5 {[%emt 0:50:6] [#]} 42. Bxb6 $1 Kg7 {[%emt 0:0:30] [#]} (42... Bxg4+ 43. Kg3 )43. Kg3 $1 Bxg4 44. Rf1 Rc8 45. Rf2 Be6 46. Kh4 {[%emt 0:0:0] White is clearly winning.} Bf7 47. Rd2 Rc6 48. Ba5 Kf8 49. Bb4 Ke7 50. Kg5 Kd7 51. Nd5 {[%emt 0:0:0] Quite a comeback for White.   Weighted Error Value: White=0.37/Black=0.43.  Loses game:     	---       	Black=1      Missed win:     	---       	Black=1      Mistake:       	White=3     	Black=2      Inaccurate:     	---       	Black=4      OK:         	White=16    	Black=12     Best:        	White=4     	Black=5      Brilliant:      	White=1     	---} 1-0

[Event "57th Biel Festival MTO 2024"]
[White "Macovei,Andrei"]
[Black "Ritviz,Parab"]
[Site "Biel"]
[Round "3.13"]
[Annotator "TA"]
[Result "1-0"]
[Date "2024.07.17"]
[WhiteElo "2479"]
[BlackElo "2334"]
[PlyCount "65"]
[TimeControl "60"]

1. e4 c5 2. Nf3 a6 3. c4 Nc6 4. d4 cxd4 5. Nxd4 Nf6 6. Nc3 e5 7. Nf5 d5 8. cxd5 ({Doch nicht} 8. Nxd5 Nxd5 (8... Nxe4 9. Nfe3 $17 )9. cxd5 Bxf5 10. exf5 Bb4+ 11. Bd2 Qxd5 12. Bxb4 Qe4+ (12... Nxb4 13. Qxd5 Nxd5 14. O-O-O $11 )13. Be2 Qxb4+ (13... Nxb4 14. O-O $11 )14. Qd2 Qxd2+ 15. Kxd2 Rd8+ 16. Ke3 g6 $15 )Nxe4 9. Nxg7+ ({Ein No Go ist} 9. Nxe4 Bxf5 10. Ng3 Nd4 11. Nxf5 Bb4+ 12. Bd2 Bxd2+ 13. Qxd2 Nxf5 $15 )Bxg7 {[%emt 0:0:13] Weiß steht etwas besser.} 10. Nxe4 Nd4 11. Nc3 O-O 12. Bd3 f5 13. O-O f4 14. f3 Rf6 15. Rf2 Rh6 16. g4 Rh3 17. Bf1 $1 Rh4 18. Kh1 h5 {[%emt 0:14:56] [#]} 19. g5 Bf5 (19... Nf5 20. Ne4 )20. Bd3 Qxg5 (20... Qb6 $142 )21. Rg2 $16 Qe7 {[%emt 0:5:29] [#]} (21... Qf6 $16 )22. Bxf5 $1 $18 Nxf5 23. Ne4 {[%emt 0:7:48] Verhindert Ng3+.} Kh8 24. Bd2 Ng3+ $2 (24... Qd7 25. d6 Rc8 )25. Nxg3 fxg3 26. Rxg3 Rd4 27. Qe2 Rf8 28. Rag1 Rf7 29. Bc3 Rxd5 {[%emt 0:1:53] [#]} 30. f4 $1 Qe6 (30... h4 31. Rg5 )31. Qxh5+ Kg8 32. Bxe5 (32. Rg6 $142 Qxg6 33. Qxg6 Rfd7 34. fxe5 (34. Bxe5 Rd1 35. Qe8+ Kh7 36. Qh5+ Kg8 37. Rxd1 Rxd1+ 38. Qxd1 Bxe5 39. fxe5 Kg7 )Rd1 35. Qe8+ Kh7 36. Qh5+ Kg8 37. Rxd1 )Rxe5 33. Rxg7+ {[%emt 0:0:27] Gewichteter Fehlerwert: Weiß=0.04 (makellos) /Schwarz=0.61.  Fehler:       	---       	Schwarz=3     Ungenau:       	Weiß=1     	Schwarz=2     OK:         	Weiß=11    	Schwarz=5     Bester:       	Weiß=4     	---        Stark:        	Weiß=2     	---        Brilliant:      	Weiß=1     	---} 1-0

[Event "57th Biel Festival MTO 2024"]
[White "Smeets,Kobe"]
[Black "Assaubayeva,Bibisara"]
[Site "Biel"]
[Round "3.14"]
[Annotator "TA"]
[Result "0-1"]
[Date "2024.07.17"]
[WhiteElo "2324"]
[BlackElo "2472"]
[PlyCount "46"]
[TimeControl "60"]

1. e4 e5 2. Nf3 Nc6 3. Bb5 a6 4. Ba4 Nf6 5. O-O b5 6. Bb3 Bb7 7. c3 Nxe4 8. Re1 d5 9. d3 Nc5 10. Nxe5 Nxe5 11. Rxe5+ {[%emt 0:0:6] The position is equal.} Be7 12. Qe2 Ne6 13. d4 Bf6 {[%emt 0:7:19] Against f4} 14. Re3 O-O 15. Bc2 {[%emt 0:8:27][%cal Oc2h7] [#] aiming for Bxh7+!} g6 16. Qd1 ({White should try} 16. Rxe6 $15 fxe6 17. Nd2 )c5 $17 17. dxc5 Qc7 (17... Nxc5 $142 18. Re2 d4 19. cxd4 Bxd4 )18. Qf3 (18. Rxe6 $17 {might work better.} fxe6 19. Be3 )Be5 19. Re1 Bxh2+ 20. Kh1 (20. Kf1 $142 Nxc5 (20... Qxc5 21. g3 $16 )21. Bh6 )Be5 ({Less strong is} 20... Nxc5 21. Bh6 $17 )(20... Rfe8 $19 {[%cal Oe6d4] and Black stays clearly on top. Strongly threatening ...Nd4!} 21. Qd1 Rad8 (21... Nxc5 22. Nd2 $17 ))21. Bh6 Rfe8 {[%emt 0:0:36][%cal Oe5g7] And now ...Bg7! would win.} 22. Qe3 $2 (22. Nd2 $17 )Bf6 $2 ({Weaker is} 22... Nxc5 23. Nd2 $17 )(22... Bf4 23. Bxf4 Nxf4 24. Qxe8+ Rxe8 25. Rxe8+ Kg7 )23. Qf3 {[%emt 0:4:8] [#]} (23. Nd2 )Nd4 $1 {[%emt 0:0:58][%mdl 512] Weighted Error Value: White=1.02/Black=0.61.  Loses game:     	White=1     	---        Mistake:       	White=4     	Black=3      Inaccurate:     	White=2     	Black=1      OK:         	White=1     	Black=7      Best:        	White=1     	---        Brilliant:      	---       	Black=1} 0-1

[Event "57th Biel Festival MTO 2024"]
[White "Deuer,Marius"]
[Black "Jain Kashish Manoj"]
[Site "Biel"]
[Round "3.15"]
[Annotator "TA"]
[Result "1-0"]
[Date "2024.07.17"]
[WhiteElo "2435"]
[BlackElo "2308"]
[PlyCount "103"]
[TimeControl "60"]

1. d4 d5 2. c4 c6 3. Nf3 Nf6 4. g3 Bf5 5. Nc3 e6 6. Nh4 Be4 7. f3 Bg6 8. Qb3 {[%emt 0:1:37] White is slightly better.} Qb6 9. c5 Qxb3 10. axb3 Be7 (10... Bc2 $11 )11. Nxg6 $14 hxg6 12. b4 O-O 13. e3 a6 14. b5 cxb5 15. Bxb5 Nc6 16. Bxc6 bxc6 17. Kd1 g5 18. Kc2 g4 19. f4 Nd7 (19... Kh7 $11 {keeps the balance.} )20. Bd2 $16 f6 (20... g5 $14 {deserves consideration.} )21. Na2 Kf7 22. Nb4 Nb8 23. h3 gxh3 24. Rxh3 Ra7 25. Ra3 {[%emt 0:1:31] White is much more active.} Bd8 (25... e5 $16 {keeps fighting.} 26. Rh1 (26. fxe5 fxe5 27. dxe5 Bxc5 $14 )exd4 )26. Rh1 $18 a5 27. Nd3 Ke7 28. Rha1 Rh8 29. Bxa5 Rb7 30. Be1 Kd7 31. Ra7 Kc8 32. Ra8 Rh2+ 33. Bf2 ({Better is} 33. Kc3 $18 )Bc7 (33... g5 $16 {was called for.} 34. Kc3 Rbh7 )34. Kc3 e5 35. fxe5 (35. Bg1 $18 Re2 36. fxe5 (36. dxe5 fxe5 37. fxe5 Rexb2 $16 )fxe5 37. dxe5 Rexb2 38. Nxb2 Bxe5+ 39. Kd3 Rxb2 40. R1a2 Rb3+ 41. Ke2 Bxg3 42. Kf3 )fxe5 $16 36. dxe5 (36. Bg1 $142 Rg2 37. dxe5 (37. Nxe5 Rgxb2 38. R1a3 Bxe5 $15 )Rbxb2 38. Nxb2 Bxe5+ 39. Kd3 Rxb2 40. R1a2 Rb3+ 41. Ke2 Bxg3 42. Kf3 )Rxf2 37. Nxf2 Bxe5+ 38. Kd3 {[%emt 0:0:17] Threatens to win with Ng4.} Rxb2 39. Ng4 Bxg3 40. R1a6 Rb3+ 41. Ke2 Rb5 42. Ra5 Rb4 43. Kf3 Bc7 44. Ra1 Rc4 45. R8a7 {[%emt 0:2:41] Hoping for Rh1.} Rxc5 $2 {[%emt 0:11:13][%mdl 8192] [#] This costs Black the game.} (45... Nd7 $1 $11 {and Black stays safe.} )46. Rh1 $1 $18 {[%emt 0:0:47] White is clearly winning.} d4 47. Rh8+ Bd8 48. exd4 Rd5 49. Ke4 (49. Rxg7 Rxd4 50. Nh6 Rd7 51. Rxd7 Kxd7 $11 )Rd7 50. Rxd7 Nxd7 51. Ne5 Kc7 {[%emt 0:2:27] [#]} 52. Nxc6 $1 {[%emt 0:1:5][%mdl 512] Weighted Error Value: White=0.14 (very precise) /Black=0.30.  Loses game:     	---       	Black=1      Mistake:       	White=3     	Black=5      Inaccurate:     	White=5     	Black=1      OK:         	White=18    	Black=14     Best:        	White=4     	Black=5      Strong:       	White=1     	---        Brilliant:      	White=1     	---} 1-0

[Event "57th Biel Festival MTO 2024"]
[White "Shoshin,Kirill"]
[Black "Materia,Marco"]
[Site "Biel"]
[Round "3.16"]
[Annotator "TA"]
[Result "1/2-1/2"]
[Date "2024.07.17"]
[WhiteElo "2277"]
[BlackElo "2453"]
[PlyCount "103"]
[TimeControl "60"]

1. d4 Nf6 2. c4 e6 3. Nc3 Bb4 4. e3 O-O 5. a3 Bxc3+ 6. bxc3 d6 7. Bd3 e5 8. e4 exd4 9. cxd4 {[%emt 0:0:6] [#]} Nxe4 $1 10. Ne2 {[%emt 0:0:8] Schwarz hat minimalen Vorteil.} Re8 11. O-O d5 12. cxd5 Nd7 13. Qc2 Nef6 14. Bg5 {[%emt 0:15:51][%cal Od3h7] Zielt auf Bxh7+! ab. Ein starkes Läuferpaar.} h6 15. Bh4 Nb6 16. Nc3 Nbxd5 17. Nxd5 Qxd5 18. Bxf6 gxf6 19. Qxc7 Qxd4 20. Bc4 Qd7 21. Qg3+ Qg4 22. Qb3 Re7 (22... Be6 $1 $11 23. Bxe6 Rxe6 )23. Rae1 (23. h3 $1 $14 Qf5 24. Qb4 )Be6 $11 {[%emt 0:0:53] Die Stellung ist ausgeglichen.} 24. Bxe6 fxe6 25. h3 Qf5 26. g4 Qg6 27. Rxe6 Qf7 28. Re3 Qxb3 29. Rxb3 {[%emt 0:0:2][%mdl 4096] Endspiel. KRR-KRR} Rd8 30. Rc1 Kf7 31. Kg2 Rd5 32. Rc4 h5 33. Kg3 hxg4 34. hxg4 Red7 35. f3 Kg6 36. Kf4 b6 37. Ke3 f5 38. a4 Re7+ 39. Kf4 fxg4 40. fxg4 Rf7+ 41. Kg3 Rf1 42. Rc7 Ra5 43. Rb4 Rg1+ 44. Kh4 Rh1+ 45. Kg3 Kg5 46. Rg7+ Kf6 47. Rc7 Kg5 48. Rb5+ Rxb5 49. axb5 Rg1+ 50. Kf3 Ra1 51. Rg7+ Kf6 52. Rc7 {[%emt 0:0:0] Gewichteter Fehlerwert: Weiß=0.04 (makellos) /Schwarz=0.05 (makellos) .  Fehler:       	Weiß=1     	Schwarz=1     Ungenau:       	---       	Schwarz=1     OK:         	Weiß=21    	Schwarz=22    Bester:       	---       	Schwarz=3} 1/2-1/2